Map: [ESL] Goldenaura

Players

DKZherO (herO) - Winner!

  • Race: Protoss Protoss
  • Spawn Location: 5:00

LiquidMaNa (MaNa)

  • Race: Protoss Protoss
  • Spawn Location: 12:00

VOD

Have the link to the VOD?

Description

Time

  • Played on: Nov. 28, 2023, 7:39 a.m.
  • Length: 8:27
Show
View Real Time Build Order
Export as new Build Order

DKZherO Protoss - Winner!

Build Orders:  

Get SALT Encoding   

  12  0:00  Probe  
  13  0:12  Probe  
  14  0:17  Pylon  
  14  0:24  Probe (Chrono Boost)  
  16  0:36  Probe (Chrono Boost)  
  16  0:37  Gateway  
  16  0:43  Probe (Chrono Boost)  
  16  0:46  Assimilator  
  17  0:51  Probe  
  17  0:56  Assimilator  
  18  1:03  Probe (Chrono Boost)  
  19  1:08  Gateway  
  19  1:12  Probe (Chrono Boost)  
  19  1:17  Probe (Chrono Boost)  
  20  1:25  Cybernetics Core  
  21  1:29  Probe  
  22  1:36  Pylon  
  22  1:41  Probe  
  23  1:54  Probe  
  24  2:00  Warp Gate (Chrono Boost)  
  24  2:01  Stalker x2  
  28  2:12  Pylon  
  28  2:16  Shield Battery  
  28  2:31  Sentry  
  28  2:32  Pylon  
  28  2:35  Sentry  
  32  2:48  Nexus  
  32  2:54  Sentry  
  34  2:59  Shield Battery  
  34  3:03  Stalker  
  36  3:12  Shield Battery  
  36  3:21  Probe  
  36  3:24  Robotics Facility  
  37  3:29  Pylon  
  37  3:33  Probe  
  38  3:45  Probe  
  39  3:51  Stalker x2  
  43  3:57  Probe  
  43  4:02  Pylon  
  44  4:07  Probe  
  44  4:09  Probe  
  45  4:21  Adept x2  
  45  4:22  Observer  
  50  4:24  Gateway  
  50  4:28  Probe x2 (Chrono Boost)  
  52  4:38  Probe x2 (Chrono Boost)  
  54  4:43  Observer  
  54  4:45  Probe x2  
  55  4:47  Adept x2  
  57  4:58  Probe x2 (Chrono Boost)  
  57  4:59  Twilight Council  
  57  5:06  Assimilator, Observer  
  58  5:08  Forge  
  58  5:10  Probe (Chrono Boost)  
  58  5:13  Probe (Chrono Boost)  
  60  5:16  Probe (Chrono Boost)  
  60  5:17  Probe (Chrono Boost)  
  62  5:32  Probe x2  
  62  5:35  Adept x2  
  62  5:39  Pylon  
  62  5:40  Protoss Ground Weapons Level 1, Pylon  
  60  5:44  Probe x2  
  60  5:47  Blink (Chrono Boost)  
  62  5:51  Shield Battery  
  62  5:54  Gateway  
  62  6:00  Probe x2  
  64  6:04  Assimilator  
  64  6:09  Immortal (Chrono Boost)  
  64  6:14  Probe  
  64  6:15  Probe  
  68  6:26  Stalker x2  
  68  6:28  Probe x2  
  67  6:38  Warp Prism (Chrono Boost)  
  67  6:40  Probe x2  
  67  6:46  Pylon  
  71  6:54  Probe x2  
  71  6:59  Stalker x2  
  77  7:13  Nexus  
  77  7:29  Stalker x3  
  83  7:31  Probe x2  
  84  7:43  Probe x2  
  86  7:47  Pylon  
  82  8:06  Stalker x3  
  82  8:08  Probe x2  
  90  8:15  Shield Battery  
  90  8:17  Gateway x2  
Show
View Real Time Build Order
Export as new Build Order

LiquidMaNa Protoss 

Build Orders: Oracle Opening 

Get SALT Encoding   

  12  0:01  Probe  
  13  0:13  Probe  
  14  0:17  Pylon  
  14  0:25  Probe (Chrono Boost)  
  15  0:37  Gateway, Probe (Chrono Boost)  
  16  0:45  Probe (Chrono Boost)  
  16  0:46  Assimilator  
  17  0:52  Probe (Chrono Boost)  
  19  1:04  Probe (Chrono Boost)  
  19  1:05  Assimilator  
  19  1:11  Gateway  
  19  1:13  Probe (Chrono Boost)  
  20  1:19  Probe  
  21  1:27  Cybernetics Core  
  21  1:31  Probe  
  22  1:37  Pylon  
  22  1:43  Probe  
  23  1:55  Probe  
  24  2:04  Adept x2  
  24  2:05  Warp Gate  
  24  2:07  Probe  
  29  2:14  Pylon  
  29  2:19  Probe  
  30  2:27  Stargate  
  30  2:42  Probe  
  34  2:46  Stalker x2  
  34  2:55  Probe  
  35  3:01  Pylon  
  35  3:07  Oracle (Chrono Boost)  
  38  3:27  Nexus  
  38  3:30  Probe  
  39  3:35  Oracle (Chrono Boost)  
  42  3:42  Probe  
  43  3:51  Robotics Facility  
  43  3:54  Probe  
  44  4:06  Probe  
  39  4:18  Probe  
  39  4:21  Stalker x2  
  44  4:33  Shield Battery  
  44  4:39  Pylon  
  44  4:45  Immortal  
  44  4:56  Probe x2 (Chrono Boost)  
  46  5:04  Forge  
  46  5:06  Sentry, Probe x2 (Chrono Boost)  
  50  5:11  Probe x2 (Chrono Boost)  
  52  5:22  Probe x2  
  52  5:28  Observer  
  51  5:34  Probe  
  50  5:39  Protoss Ground Weapons Level 1 (Chrono Boost)  
  50  5:41  Probe  
  51  5:46  Probe  
  52  5:51  Immortal  
  52  5:52  Pylon  
  52  5:53  Probe  
  57  5:58  Probe  
  58  6:04  Pylon  
  58  6:07  Probe  
  58  6:10  Nexus  
  58  6:19  Adept  
  58  6:20  Adept  
  58  6:21  Probe  
  61  6:28  Probe  
  61  6:30  Warp Prism (Chrono Boost)  
  58  6:38  Probe  
  61  6:40  Probe (Chrono Boost)  
  61  6:42  Twilight Council  
  62  6:50  Probe (Chrono Boost)  
  62  6:52  Probe (Chrono Boost)  
  64  6:54  Observer  
  64  6:59  Probe (Chrono Boost)  
  64  7:00  Probe (Chrono Boost)  
  66  7:04  Probe (Chrono Boost)  
  66  7:06  Probe  
  66  7:07  Immortal  
  72  7:15  Pylon  
  72  7:16  Probe  
  72  7:18  Probe  
  72  7:20  Zealot x2  
  78  7:31  Shield Battery  
  78  7:35  Gateway  
  78  7:36  Gateway  
  78  7:45  Probe x2  
  78  7:49  Zealot x2  
  67  8:09  Probe x3  
Tags
 
Matchup
PvP
Player
MaNaherO
Replay Pack
December 2023
Spawn Locations
Cross Positions
Add a new tag
Caveats
  • Supply blocks, unpowered buildings, or Contaminate may cause inaccurate times.
  • Supply counts are checked every 10 seconds.